 Dungeon Crawl Stone Soup version 0.30-a0-311-gf115ab0292 (webtiles) character file.

Game seed: 11764776628580639678

6764 Harunobu the Fighter (level 10, -6/97 HPs)
             Began as a Minotaur Monk on Oct 25, 2022.
             Was a High Priest of Okawaru.
             Shot with an arrow by a centaur warrior (8 damage)
             ... on level 10 of the Dungeon.
             The game lasted 00:21:11 (11792 turns).

Harunobu the Fighter (Minotaur Monk)               Turns: 11792, Time: 00:21:12

Health: -6/97      AC: 11    Str: 20    XL:     10   Next: 75%
Magic:  9/9        EV: 15    Int:  7    God:    Okawaru [*****.]
Gold:   463        SH:  5    Dex: 13    Spells: 9/9 levels left

rFire   . . .      SeeInvis .    h - +1 whip (flame)
rCold   . . .      Faith    +    E - +2 buckler {reflect}
rNeg    . . .      Spirit   .    H - +0 swamp dragon scales
rPois   +          Reflect  +    (helmet restricted)
rElec   .          Harm     .    F - +0 cloak
rCorr   .          Rampage  .    r - +2 pair of gloves
Will    .....                    (no boots)
Stlth   +++.......               B - amulet of faith
HPRegen 0.36/turn                (no ring)
MPRegen 0.11/turn                (no ring)

@: invisible
A: horns 2, retaliatory headbutt
a: Renounce Religion, Heroism, Finesse, Duel


You were on level 10 of the Dungeon.
You worshipped Okawaru.
Okawaru was extremely pleased with you.
You visited 2 branches of the dungeon, and saw 11 of its levels.

You collected 489 gold pieces.
You spent 26 gold pieces at shops.

Inventory:

Hand Weapons
 h - a +1 whip of flaming (weapon)
Missiles
 x - 2 throwing nets (quivered)
Armour
 o - a +2 tower shield
 r - a +2 pair of gloves (worn)
 E - a +2 buckler of reflection (worn)
 F - a +0 cloak (worn)
 H - +0 swamp dragon scales (worn)
Jewellery
 y - a ring of poison resistance
 B - an amulet of faith (around neck)
Wands
 D - a wand of paralysis (8)
 G - a wand of mindburst (24)
 I - a wand of digging (5)
Scrolls
 b - 2 scrolls of magic mapping {unknown}
 d - 3 scrolls of teleportation {unknown}
 e - 2 scrolls of torment {unknown}
 g - 7 scrolls of identify
 i - 4 scrolls of poison {unknown}
 j - 3 scrolls of immolation {unknown}
 k - 5 scrolls of fear {unknown}
 p - 5 scrolls of blinking {unknown}
 w - 4 scrolls of butterflies {unknown}
 z - 2 scrolls of amnesia {unknown}
 A - a scroll of acquirement {unknown}
 C - a scroll of vulnerability {unknown}
Potions
 c - 4 potions of ambrosia
 f - a potion of haste
 l - a potion of brilliance {unknown}
 m - a potion of might {unknown}
 n - 3 potions of flight
 q - a potion of attraction {unknown}
 s - a potion of degeneration {unknown}
 t - a potion of magic {unknown}
 u - 2 potions of lignification
 v - a potion of heal wounds
 J - 2 potions of curing
Miscellaneous
 K - a condenser vane


   Skills:
 + Level 11.9 Fighting
 - Level 3.6 Maces & Flails
 + Level 11.0 Dodging
 + Level 9.0 Stealth


You had 9 spell levels left.
You didn't know any spells.
Your spell library contained the following spells:

 Spells                   Type           Power      Damage    Failure   Level
 Beastly Appendage        Tmut           0%         N/A       73%         1
 Ensorcelled Hibernation  Hex/Ice        0%         N/A       86%         2
 Wereblood                Tmut           0%         N/A       86%         2
 Spider Form              Tmut/Pois      0%         N/A       97%         3
 Anguish                  Hex/Necr       0%         N/A       100%        4
 Eringya's Noxious Bog    Tmut/Pois      0%         N/A       100%        6
 Summon Forest            Summ/Tloc      Unusable   N/A       N/A         5
 Summon Hydra             Summ           Unusable   N/A       N/A         7

Dungeon Overview and Level Annotations

Branches:
Dungeon (10/15)            Temple (1/1) D:4
   Lair: D:8-11         Orc: D:9-12

Altars:
Ashenzari
Cheibriados
Dithmenos
Elyvilon
Fedhas
Gozag
Hepliaklqana
Kikubaaqudgha
Makhleb
Nemelex Xobeh
Okawaru
Qazlal
Ru
Sif Muna
Trog
Uskayaw
Wu Jian
Xom
Yredelemnul
Zin
The Shining One

Shops:
D:8 ?


Innate Abilities, Weirdness & Mutations

You have a pair of horns on your head.
You reflexively headbutt those who attack you in melee.


Message History

You hit the troll. You burn the troll. Your headbutt misses the troll.
The troll is severely wounded.
The troll bites you. The troll claws you but does no damage.
The troll claws you.
You hit the troll. You burn the troll.
You headbutt the troll, but do no damage.
The troll is severely wounded.
The troll barely misses you. You furiously retaliate!
You headbutt the troll. The troll barely misses you.
The troll closely misses you.
You hit the troll. You burn the troll.
You kill the troll!
Okawaru is honoured by your kill.
The troll leather armour is intact enough to wear.
Your Dodging skill increases to level 11!
Your Stealth skill increases to level 9!
Found 15 gold pieces.
Things that are here:
a +0 troll leather armour; a troll corpse You start resting.
A centaur warrior comes into view.
The centaur warrior wields a +0 longbow.
The centaur warrior shoots an arrow.
The arrow hits you!!
The centaur warrior shoots an arrow.
The arrow hits you!!
The centaur warrior shoots an arrow.
The arrow misses you.
The centaur warrior shoots an arrow.
The arrow hits you!!
* * * LOW HITPOINT WARNING * * *
The centaur warrior shoots an arrow.
You reflect the arrow off your +2 buckler of reflection!
The arrow hits the centaur warrior!
You feel much better.
The centaur warrior shoots an arrow.
The arrow hits you!!
* * * LOW HITPOINT WARNING * * *
You feel much better.
The centaur warrior shoots an arrow.
The arrow completely misses you.
The centaur warrior shoots an arrow.
The arrow closely misses you.
You fade into invisibility!
The centaur warrior shoots an arrow.
The arrow misses you.
The centaur warrior shoots an arrow.
The arrow hits you!!
* * * LOW HITPOINT WARNING * * *
The centaur warrior shoots an arrow.
The arrow hits you!
You die...

.# ##.......[##
##... .#
#.........###+###..#
.#
#..................#
.
#..................#
#.................c#
#.........≈≈≈......#
#...≈......≈.......#
#...≈~.............#
#....≈~.....@....[.#
.#
#<....≈..≈.........#
.#
#........≈.........#
.#
#..≈≈~..≈≈.........#
.#
#....≈..≈..........#
.#
#....≈.≈≈..........#
.#
#.....≈≈...........#
.#
#.....~...........$#
.####...........


You could see a centaur warrior (unable to see you).

Vanquished Creatures
  Pikel (D:4)
  Maggie (D:7)
  A troll (D:10)
  A hornet (D:7)
  Prince Ribbit (D:7)
  14 yaks
  Menkaure (D:4)
  2 water moccasins
  3 orc warriors
  4 sky beasts
  2 ice beasts
  A black bear (D:5)
  3 ogres (D:6)
  5 centaurs
  2 kobold brigands
  3 bullfrogs (D:8)
  A gnoll sergeant (D:6)
  A scorpion (D:7)
  3 wights (D:9)
  A howler monkey (D:4)
  3 jellies
  A gnoll bouda (D:7)
  6 orc priests
  A hound (D:6)
  6 orc wizards
  5 iguanas
  10 gnolls
  7 adders
  A shadow imp (D:5)
  2 white imps
  An ufetubus (D:7)
  5 worms
  2 dart slugs
  27 orcs
  7 endoplasms
  2 giant cockroaches
  12 goblins
  5 hobgoblins
  3 jackals (D:3)
  13 kobolds
  4 quokkas
  14 ball pythons
  10 bats
  3 frilled lizards
  8 rats
209 creatures vanquished.

Notes
Turn   | Place    | Note
-------+----------+-------------------------------------------
     0 | D:1      | Harunobu the Minotaur Monk began the quest for the Orb.
     0 | D:1      | Reached XP level 1. HP: 19/19 MP: 0/0
   174 | D:1      | Reached XP level 2. HP: 27/27 MP: 1/1
   287 | D:1      | Found a faded altar of an unknown god.
   794 | D:1      | Reached XP level 3. HP: 33/33 MP: 2/2
  1115 | D:2      | Found a broken altar of Ashenzari.
  1412 | D:2      | Reached XP level 4. HP: 23/41 MP: 3/3
  1982 | D:3      | Reached skill level 5 in Fighting
  1985 | D:3      | Reached XP level 5. HP: 40/48 MP: 4/4
  2190 | D:3      | Identified the +4 dagger of Honour {vorpal, rC+}
  2589 | D:4      | Found a broken altar of Ashenzari.
  2671 | D:4      | Found a staircase to the Ecumenical Temple.
  2678 | Temple   | Entered the Ecumenical Temple
  2799 | D:4      | Noticed a lemure
  2800 | D:4      | Noticed Pikel
  3058 | D:4      | Noticed a lemure
  3149 | D:4      | Noticed Menkaure
  3350 | D:5      | Entered Level 5 of the Dungeon
  3384 | D:5      | Reached skill level 5 in Dodging
  3606 | D:5      | Found a glowing golden altar of the Shining One.
  3617 | D:5      | Noticed a black bear
  3630 | D:5      | Killed a black bear
  3631 | D:5      | Reached XP level 6. HP: 34/57 MP: 5/5
  3838 | D:5      | Found a hide-covered altar of Uskayaw.
  3838 | D:5      | Found a sacrificial altar of Ru.
  4552 | D:4      | HP: 2/57 [Pikel/+1 whip of flaming (2)]
  4558 | D:4      | HP: 2/57 [Pikel/+1 whip of flaming (1)]
  4559 | D:4      | Killed Pikel
  4560 | D:4      | Reached XP level 7. HP: 2/66 MP: 6/6
  4935 | D:4      | Killed Menkaure
  4936 | D:4      | Reached skill level 5 in Stealth
  4936 | D:4      | Reached XP level 8. HP: 10/73 MP: 7/7
  5879 | D:6      | Found an opulent altar of Gozag.
  6064 | D:6      | Found an iron altar of Okawaru.
  6994 | D:6      | Reached XP level 9. HP: 52/83 MP: 8/8
  7295 | D:6      | Became a worshipper of Warmaster Okawaru
  7295 | D:6      | Reached * piety under Okawaru
  7295 | D:6      | Reached ** piety under Okawaru
  7498 | D:7      | Noticed Maggie
  7507 | D:7      | HP: 4/83 [hornet (11)]
  7533 | D:7      | Killed Maggie
  7839 | D:7      | Noticed Prince Ribbit
  7858 | D:7      | Killed Prince Ribbit
  8298 | D:7      | Reached *** piety under Okawaru
  8375 | D:7      | Found an ornate altar of the Wu Jian Council.
  8424 | D:7      | Reached skill level 10 in Fighting
  9025 | D:8      | Reached **** piety under Okawaru
  9032 | D:8      | Found a stormy altar of Qazlal.
  9071 | D:8      | Reached XP level 10. HP: 90/94 MP: 9/9
  9180 | D:8      | Found a shimmering altar of Xom.
  9189 | D:8      | Found Jiovodd's Magic Scroll Boutique.
  9192 | D:8      | Bought a scroll of identify for 26 gold pieces
  9254 | D:8      | Found a flagged portal.
  9700 | D:8      | Found a shimmering blue altar of Sif Muna.
  9850 | D:9      | Reached skill level 10 in Dodging
 11075 | D:9      | Reached ***** piety under Okawaru
 11551 | D:10     | Entered Level 10 of the Dungeon
 11783 | D:10     | Noticed a centaur warrior
 11792 | D:10     | HP: 2/97 [centaur warrior/arrow (19)]
 11792 | D:10     | Shot with an arrow by a centaur warrior

Illustrated notes

Levels and vault maps discovered:
D:1:      lightli_molten_gateway, layout_basic, shapermc_ecumenical_altar_venn
D:2:      layout_rooms, basic_altar
D:3:      layout_basic
D:4:      layout_basic, evilmike_ruin_ashenzari, minmay_temple_entry_mist,
          uniq_menkaure, uniq_pikel
D:5:      layout_gridville, mainiacjoe_overflow_divided_tiny,
          mainiacjoe_overflow_tiny_flanked
D:6:      layout_loops_ring, grunt_gozag_statues, amcnicky_altar_gilded
D:7:      layout_cave_pools, pdpol_wu_jian_five_deadly_venoms,
          uniq_prince_ribbit1, uniq_maggie
D:8:      layout_layer_cave, lemuel_coloured_pillars_altar,
          general_overflow_altar, kennysheep_orc_sif_temple, enter_bailey_3,
          serial_shops, kennysheep_mini
D:9:      layout_stronghold, nicolae_figureground_sparkle
D:10:     minmay_the_grid_octo_tiled_squarecenter
          [minmay_the_grid_octo_fan_narrow, minmay_the_grid_octo_toaster,
          minmay_the_grid_octo_shrine, minmay_the_grid_octo_chip,
          minmay_the_grid_square_5x5_megaprize_crossed,
          minmay_the_grid_square_5x5_inner_z,
          minmay_the_grid_square_5x5_detours,
          minmay_the_grid_square_5x5_shuriken,
          minmay_the_grid_square_5x5_hollow_slash], layout_long_grid,
          vehumet_altar_wand_db, chequers_serial_rivers_small_b,
          minmay_mirror_moons_of_madness
Temple:   nicolae_temple_ecumenical_triangle

Skill      XL: |  1  2  3  4  5  6  7  8  9 10 |
---------------+-------------------------------+-----
Fighting       | 4 5 7 9 10 11 | 11.9
Stealth        | 2 3 4 5 6 7 9 |  9.0
Dodging        | 4 5 6 8 9 11 | 11.0
Maces & Flails | |  3.6

Action                   |  1- 3 |  4- 6 |  7- 9 | 10-12 || total
-------------------------+-------+-------+-------+-------++-------
Melee: Mace              |   108 |    53 |       |       ||   161
       Headbutt          |    10 |    48 |    74 |    56 ||   188
       Punch             |     1 |       |       |       ||     1
       Whip              |       |   170 |   298 |   176 ||   644
Invok: Heroism           |       |       |     1 |       ||     1
  Use: Potion            |       |     5 |     3 |     3 ||    11
       Scroll            |       |       |       |     2 ||     2
 Stab: Sleeping          |     4 |       |     4 |     2 ||    10
       Distracted        |       |       |     1 |       ||     1
Armor: Robe              |    22 |       |       |       ||    22
       Chain mail        |       |   147 |    93 |       ||   240
       Swamp dragon scal |       |       |    47 |    61 ||   108
Dodge: Dodged            |    81 |    40 |   135 |   123 ||   379
Block: Tower shield      |    22 |   183 |   135 |       ||   340
       Buckler           |       |       |    37 |    46 ||    83
       Reflection        |       |       |     1 |     2 ||     3

Table legend: (Time is in decaauts)
 A = Elapsed time spent in this place.
 B = Non-inter-level travel time spent in this place.
 C = Inter-level travel time spent in this place.
 D = Time resting spent in this place.
 E = Time spent auto-exploring this place.
 F = Levels seen in this place.
 G = Mean time per level.
                   A        B        C        D        E       F      G
               +--------+--------+--------+--------+--------+-----+--------+
         Total |  11992 |  11350 |    642 |   3648 |   5309 |  11 | 1090.2 |
       Dungeon |  11937 |  11307 |    630 |   3648 |   5301 |  10 | 1193.7 |
        Temple |     54 |     42 |     12 |      0 |      8 |   1 |   54.0 |
               +--------+--------+--------+--------+--------+-----+--------+

Top non-repeatable levels by time:
     D:6: 1944 daAuts
     D:9: 1726 daAuts
     D:5: 1673 daAuts
     D:4: 1461 daAuts
     D:3: 1192 daAuts
     D:8: 1116 daAuts
     D:7: 1018 daAuts
     D:1: 913 daAuts
     D:2: 755 daAuts
    D:10: 135 daAuts
  Temple: 54 daAuts
